 Dungeon Crawl Stone Soup version 0.26.1-11-gd32895ea62 (webtiles) character file.

Game seed: 6365862347521386042

176 buriedalive the Chiller (level 5, -2/28 HPs)
             Began as a Deep Elf Ice Elementalist on May 25, 2021.
             Killed by divine providence
             ... invoked by an orc priest
              (13 damage)
             ... on level 3 of the Dungeon.
             The game lasted 00:05:32 (5241 turns).

buriedalive the Chiller (Deep Elf Ice Elementalist) Turns: 5241, Time: 00:05:33

Health: -2/28      AC:  4    Str:  5    XL:     5   Next: 30%
Magic:  10/11      EV: 14    Int: 21    God:
Gold:   149        SH:  0    Dex: 15    Spells: 3/10 levels left

rFire    . . .     SeeInvis .   e - +1 dagger (venom)
rCold    . . .     Faith    .   (no shield)
rNeg     . . .     Spirit   .   l - +0 leather armour
rPois    .         Reflect  .   (no helmet)
rElec    .         Harm     .   (no cloak)
rCorr    .         Rampage  .   (no gloves)
Will     .....                  o - +0 pair of boots
Stlth    ++........             (no amulet)
HPRegen  0.09/turn              (no ring)
MPRegen  0.12/turn              (no ring)

@: no status effects
A: no striking features
a: no special abilities


You were on level 3 of the Dungeon.
You visited 1 branch of the dungeon, and saw 4 of its levels.

You collected 149 gold pieces.

Inventory:

Hand Weapons
 b - a +0 dagger
 e - a +1 dagger of venom (weapon)
Missiles
 g - 14 poisoned darts
 j - 123 stones
Armour
 a - a +0 robe
 l - a +0 leather armour (worn)
 o - a +0 pair of boots (worn)
Jewellery
 d - an uncursed amulet of faith {unknown}
 r - an uncursed ring of willpower {unknown}
Scrolls
 c - 3 scrolls of immolation {unknown}
 f - 2 scrolls of enchant weapon {unknown}
 h - a scroll of noise {unknown}
 i - a scroll of amnesia {unknown}
 m - a scroll of fog {unknown}
 n - 3 scrolls of identify {unknown}
 p - 2 scrolls of magic mapping {unknown}
 s - a scroll of remove curse {unknown}
 v - a scroll of random uselessness {unknown}
 w - a scroll of teleportation {unknown}
 y - a scroll of fear {unknown}
Potions
 k - a potion of resistance {unknown}
 q - a potion of flight {unknown}
 t - a potion of brilliance {unknown}
 u - a potion of curing {unknown}
 x - a potion of haste {unknown}
 z - a potion of degeneration {unknown}


   Skills:
 + Level 5.0 Dodging
 - Level 2.4 Stealth
 - Level 3.0 Spellcasting
 + Level 6.0 Ice Magic


You had 3 spell levels left.
You knew the following spells:

 Your Spells              Type           Power        Failure   Level
a - Freeze                Ice            100%         1%          1
b - Frozen Ramparts       Ice            56%          5%          3
c - Ozocubu's Armour      Ice            28%          5%          3

Your spell library contained the following spells:

 Spells                   Type           Power        Failure   Level
 Hailstorm                Conj/Ice       15%          54%         4
 Summon Ice Beast         Ice/Summ       15%          54%         4


Dungeon Overview and Level Annotations

Branches:
Dungeon (4/15)
 Temple: D:4-7

Altars:


Message History

There is a stone staircase leading up, spattered with blood here.
The orc hits you from afar with a +0 trident.
The orc hits you but does no damage.
The orc priest invokes the aid of Beogh against you.
Pain shoots through your body! The orc closely misses you. The orc misses you.
The orc priest hits you with a +0 short sword.
You climb upwards.
There is a stone staircase leading down here.
Casting: Freeze (safe; 1% risk of failure)
Confirm with . or Enter, or press ? or * to list all spells.
Aiming: Freeze (safe; 1% risk of failure)
Press: ? - help, Shift-Dir - straight line, f - orc priest
Aim: an orc priest, wielding a +0 short sword You freeze the orc priest!
The orc priest is almost dead.
The orc priest calls down the wrath of Beogh upon you.
Beogh smites you!
You die...

################
#.))...........#
##.############.#
####@..# #.#
#..o...# #.#
#.##...# #.#
#.###### #.#
##.## ####### #.#
#...# #.....# #.#
###...###
#.....#####.##
#.......#
#.....##......
#.....[.#
#...<.##.#..##


You could see an orc priest.

Vanquished Creatures
  A howler monkey (D:3)
  An adder (D:2)
  2 oozes
  3 dart slugs
  3 leopard geckos
  21 orcs
  6 giant cockroaches
  5 goblins
  11 hobgoblins
  2 jackals (D:1)
  A quokka (D:3)
  2 ball pythons (D:3)
  12 bats
  4 frilled lizards
  6 kobolds
  5 rats
85 creatures vanquished.

Notes
Turn   | Place    | Note
-------+----------+-------------------------------------------
     0 | D:1      | buriedalive the Deep Elf Ice Elementalist began the quest
                  | for the Orb.
     0 | D:1      | Reached XP level 1. HP: 10/10 MP: 6/6
   479 | D:1      | Reached XP level 2. HP: 5/15 MP: 2/8
  1285 | D:1      | Reached skill level 5 in Ice Magic
  1285 | D:1      | Reached XP level 3. HP: 11/19 MP: 5/9
  2707 | D:2      | Found a faded altar of an unknown god.
  3243 | D:2      | Learned a level 3 spell: Frozen Ramparts
  3247 | D:2      | Learned a level 3 spell: Ozocubu's Armour
  3301 | D:3      | Reached XP level 4. HP: 24/24 MP: 6/10
  4565 | D:4      | Noticed an ogre
  4899 | D:3      | Reached skill level 5 in Dodging
  4899 | D:3      | Reached XP level 5. HP: 18/28 MP: 5/11
  5012 | D:3      | Reached skill level 6 in Ice Magic
  5241 | D:3      | Killed from afar by an orc priest

Illustrated notes

Levels and vault maps discovered:
D:1:      giann_wishing_wells, layout_basic
D:2:      layout_basic, chequers_ecumenical_altar_island
D:3:      layout_loops_cross
D:4:      layout_basic, elyvilon_altar_4, minmay_manual_moon

Skill      XL: |  1  2  3  4  5 |
---------------+----------------+-----
Dodging        | 3 4 5 |  5.0
Ice Magic      | 5 6 |  6.0
Stealth        | |  2.4
Spellcasting   | |  3.0

Action                   |  1- 3 |  4- 6 || total
-------------------------+-------+-------++-------
Melee: Unarmed           |     3 |       ||     3
       Dagger            |    60 |    24 ||    84
 Cast: Freeze            |    65 |    46 ||   111
  Use: Potion            |     1 |       ||     1
 Stab: Sleeping          |     7 |     1 ||     8
Armor: Robe              |    13 |       ||    13
       Leather armour    |     6 |    20 ||    26
Dodge: Dodged            |    80 |    73 ||   153
